Map: Frozen Temple

Players

GBA

  • Race: Terran Terran
  • League: Gold

Chance - Winner!

  • Race: Protoss Protoss
  • League: Silver

VOD

Have the link to the VOD?

Description

Time

  • Played on: July 30, 2016, 3:08 a.m.
  • Length: 15:40
Show
View Real Time Build Order
Export as new Build Order

GBA Terran 

Build Orders: Liberator Opening, MMM Bio 

Get SALT Encoding   

  12  0:02  SCV  
  13  0:18  Supply Depot, SCV  
  14  0:29  Refinery  
  14  0:30  SCV  
  15  0:42  SCV  
  15  0:48  Barracks  
  16  0:58  SCV  
  17  1:13  SCV  
  18  1:32  Command Center  
  18  1:39  Orbital Command  
  18  1:50  Bunker  
  18  1:54  Marine  
  19  2:09  Factory  
  19  2:11  SCV  
  20  2:19  Refinery  
  20  2:27  Supply Depot, SCV  
  21  2:31  Marine  
  22  2:43  SCV, Barracks  
  23  2:50  Barracks Tech Lab  
  23  2:56  Orbital Command  
  23  2:58  SCV  
  23  3:04  Factory Reactor  
  24  3:16  Starport  
  24  3:18  Stimpack  
  24  3:22  SCV  
  24  3:23  SCV  
  26  3:30  Supply Depot  
  26  3:35  Barracks Reactor  
  26  3:38  Barracks  
  26  3:39  SCV  
  27  3:45  Marine  
  28  3:49  Liberator  
  28  4:01  SCV x2  
  33  4:13  SCV x2  
  35  4:26  SCV x2  
  37  4:31  Barracks Reactor  
  37  4:36  Barracks  
  37  4:38  SCV  
  38  4:51  Barracks  
  38  4:52  Barracks  
  38  4:54  Marine x2  
  38  4:55  Marine  
  38  4:57  Barracks  
  41  5:07  SCV x2  
  42  5:10  Command Center  
  43  5:14  Marine  
  43  5:15  Marine x2  
  43  5:16  Marine  
  43  5:18  Combat Shields, Marine  
  48  5:31  Engineering Bay  
  48  5:33  Engineering Bay  
  48  5:35  Marine  
  48  5:36  Marine x2  
  48  5:37  Marine  
  52  5:44  Supply Depot  
  52  5:45  Supply Depot  
  52  5:47  Barracks Tech Lab  
  52  5:48  Barracks Tech Lab x3  
  52  5:53  Marine x2  
  54  6:00  Refinery  
  54  6:02  Marine x2  
  56  6:07  Supply Depot  
  56  6:08  Marauder  
  56  6:10  Marauder  
  60  6:11  Marauder  
  60  6:15  SCV x2  
  64  6:25  Marauder x2  
  68  6:27  Concussive Shells  
  68  6:42  Marine  
  68  6:43  Marine x6  
  68  6:46  Marine x2  
  77  6:59  Planetary Fortress  
  77  7:00  Marine  
  68  7:22  SCV x2  
  70  7:34  SCV x2  
  70  7:36  Starport Tech Lab  
  68  7:46  SCV x2  
  70  7:52  Marauder x5  
  70  7:53  Missile Turret x2  
  70  7:55  Terran Infantry Weapons Level 1, Missile Turret  
  80  7:58  SCV  
  81  8:13  Refinery, Marauder  
  81  8:15  SCV  
  84  8:27  SCV  
  84  8:31  Raven  
  84  8:33  Marine x3  
  84  8:34  Marine x6  
  91  8:39  SCV  
  91  8:41  SCV  
  98  8:51  SCV  
  98  8:53  SCV  
  100  8:57  Terran Infantry Armor Level 1  
  100  9:03  SCV  
  100  9:09  Refinery  
  101  9:12  SCV  
  102  9:18  Marine x2  
  102  9:19  Supply Depot, Marine  
  102  9:20  Marauder x2  
  102  9:21  Marauder  
  111  9:27  SCV  
  111  9:28  SCV  
  113  9:33  SCV  
  113  9:34  Refinery  
  113  9:38  Refinery  
  114  9:40  SCV x2  
  114  9:41  Supply Depot  
  114  9:44  Marauder, Armory  
  114  9:45  Marauder  
  120  9:46  SCV  
  121  9:58  Marauder x2  
  125  10:03  SCV, Marauder  
  125  10:05  Supply Depot  
  125  10:06  Marauder  
  130  10:13  Supply Depot  
  130  10:15  SCV  
  130  10:19  SCV x2  
  133  10:31  SCV  
  133  10:33  Command Center  
  134  10:35  Supply Depot  
  134  10:40  Marauder x4  
  131  11:04  Marauder x2  
  131  11:05  Marauder x3  
  131  11:09  Terran Infantry Armor Level 2  
  131  11:11  Terran Infantry Weapons Level 2  
  141  11:12  Medivac x2  
  145  11:26  Marauder  
  147  11:38  Marauder  
  147  11:39  Marauder x3  
  155  11:42  Medivac x2  
  159  11:47  Planetary Fortress, Missile Turret, Marauder  
  161  12:06  Missile Turret  
  161  12:09  Missile Turret  
  161  12:15  Medivac x2  
  165  12:16  Marine x3  
  168  12:23  Marine x2  
  168  12:24  Marine x4  
  174  12:34  Marine  
  170  12:45  Medivac  
  78  13:23  Marauder x5  
  78  13:24  Marine x4  
  92  13:44  Marauder x4  
  92  13:45  Marauder  
  102  13:51  Barracks  
  102  13:53  Barracks, Marine  
  102  13:54  Marine x3  
  106  13:55  Barracks  
  106  13:56  Barracks  
  106  13:58  Barracks  
  106  14:05  Marine x4, Marauder  
  112  14:11  Marine x2  
  112  14:14  Medivac x2  
  117  14:37  Marine x4  
  117  14:38  Marine x6  
  96  14:43  Medivac  
  69  14:54  Marine x2  
  69  14:55  Marine  
  69  14:56  Marauder x3  
  69  14:57  Marauder x2  
  72  15:14  Marine  
  72  15:15  Marine x5  
  72  15:17  Marauder  
  72  15:18  Marauder x3  
Show
View Real Time Build Order
Export as new Build Order

Chance Protoss - Winner!

Build Orders: 1 Gate Expand 

Get SALT Encoding   

  12  0:01  Probe (Chrono Boost)  
  13  0:13  Pylon  
  13  0:18  Probe (Chrono Boost)  
  14  0:34  Probe (Chrono Boost), Gateway  
  15  0:45  Assimilator  
  15  0:46  Probe (Chrono Boost)  
  17  0:57  Probe (Chrono Boost)  
  17  1:09  Probe (Chrono Boost)  
  18  1:22  Cybernetics Core  
  18  1:24  Probe (Chrono Boost)  
  19  1:36  Nexus  
  19  1:44  Warp Gate  
  19  1:46  Pylon  
  19  1:50  Assimilator  
  19  1:51  Probe (Chrono Boost)  
  20  2:03  Probe (Chrono Boost)  
  21  2:15  Probe (Chrono Boost)  
  22  2:16  Stalker  
  24  2:33  Robotics Facility  
  24  2:35  Gateway  
  25  2:37  Probe (Chrono Boost)  
  25  2:49  Probe (Chrono Boost)  
  26  2:59  Probe (Chrono Boost), Forge  
  26  3:03  Mothership Core (Chrono Boost)  
  29  3:09  Probe (Chrono Boost), Pylon  
  30  3:17  Adept  
  32  3:20  Observer  
  32  3:22  Probe (Chrono Boost)  
  34  3:32  Protoss Ground Weapons Level 1  
  34  3:35  Probe (Chrono Boost), Twilight Council  
  34  3:37  Probe (Chrono Boost)  
  37  3:49  Probe (Chrono Boost)  
  37  3:50  Stalker  
  40  3:57  Probe (Chrono Boost), Assimilator  
  40  4:01  Probe (Chrono Boost)  
  41  4:06  Adept  
  44  4:10  Probe (Chrono Boost)  
  44  4:13  Probe (Chrono Boost)  
  45  4:18  Pylon  
  45  4:20  Immortal  
  45  4:22  Probe (Chrono Boost)  
  47  4:25  Probe (Chrono Boost)  
  47  4:31  Resonating Glaives  
  51  4:42  Adept x2  
  55  4:49  Probe x2 (Chrono Boost)  
  59  5:01  Probe x2 (Chrono Boost)  
  59  5:03  Warp Prism  
  59  5:08  Dark Shrine  
  61  5:18  Assimilator  
  61  5:20  Protoss Ground Weapons Level 2, Probe (Chrono Boost)  
  62  5:22  Pylon  
  62  5:29  Gateway  
  62  5:30  Gateway  
  62  5:39  Pylon  
  62  5:42  Probe x2 (Chrono Boost), Pylon  
  64  5:44  Adept  
  64  5:45  Adept  
  68  5:54  Immortal  
  68  5:59  Probe (Chrono Boost)  
  73  6:11  Blink  
  73  6:25  Dark Templar x2  
  77  6:46  Stalker  
  79  6:47  Stalker  
  81  6:59  Dark Templar  
  79  7:26  Stalker x3  
  85  7:35  Protoss Ground Weapons Level 3  
  85  7:44  Pylon  
  85  7:47  Pylon  
  83  7:56  Pylon  
  83  7:57  Immortal, Pylon  
  83  7:59  Pylon  
  83  8:04  Sentry x3  
  93  8:08  Stalker  
  95  8:18  Gateway  
  95  8:19  Gateway  
  95  8:22  Gateway  
  95  8:24  Gateway  
  95  8:25  Gateway  
  95  8:31  Adept x4  
  103  8:55  Stalker x3  
  105  8:57  Nexus  
  105  8:58  Immortal  
  105  9:01  Assimilator  
  109  9:04  Assimilator  
  109  9:07  Pylon  
  109  9:09  Pylon  
  113  9:12  Pylon  
  113  9:14  Pylon  
  113  9:17  Pylon  
  113  9:20  Pylon  
  113  9:23  Adept x4, Pylon  
  113  9:24  Adept  
  123  9:36  Pylon  
  123  9:38  Pylon  
  123  9:51  Stalker  
  123  9:52  Stalker x3  
  131  9:54  Immortal  
  135  10:11  Sentry x5  
  145  10:29  Immortal  
  131  10:57  Adept x5  
  129  10:58  Adept x4  
  129  11:03  Immortal  
  149  11:22  Dark Templar  
  149  11:23  Dark Templar  
  153  11:26  Dark Templar  
  153  11:28  Nexus  
  155  11:39  Stalker x3  
  155  12:07  Stalker  
  155  12:08  Stalker x5  
  163  12:09  Stalker  
  163  12:13  Stalker  
  170  12:36  Adept x3  
  108  13:22  Adept x5  
  108  13:23  Adept x4  
  126  13:29  Immortal  
  130  13:50  Pylon  
  130  13:51  Pylon  
  130  13:53  Pylon  
  130  13:55  Pylon  
  130  14:04  Immortal  
  134  14:11  Stalker x5  
  134  14:12  Stalker x2  
  134  14:13  Stalker  
  130  14:56  Stalker  
  130  14:57  Stalker x7  
  130  14:58  Stalker  
Tags
 
Add a new tag
Caveats
  • Supply blocks, unpowered buildings, or Contaminate may cause inaccurate times.
  • Supply counts are checked every 10 seconds.